 Dungeon Crawl Stone Soup version 0.29-a0-330-g52719c12eb (webtiles) character file.

Game seed: 11978764623783229172

694 Ajdolov the Insei (level 7, -5/43 (46) HPs)
             Began as an Octopode Transmuter on Apr 15, 2022.
             Was an Initiate of Gozag.
             Slain by a wight
             ... wielding a +5 long sword
              (11 damage)
             ... on level 5 of the Dungeon.
             The game lasted 00:09:20 (6488 turns).

Ajdolov the Insei (Octopode Transmuter)             Turns: 6488, Time: 00:09:21

HP:   -5/43 (46)    AC:  1    Str: 16    XL:     7   Next: 64%
MP:   10/10         EV: 17    Int: 17    God:    Gozag
Gold: 292           SH:  0    Dex: 12    Spells: 5/10 levels left

rFire   + . .      SeeInvis .     - Unarmed
rCold   . . .      Faith    .   (no shield)
rNeg    . . .      Spirit   .   (helmet restricted)
rPois   .          Reflect  .   (no amulet)
rElec   .          Harm     .   n - ring of protection from fire
rCorr   .          Rampage  .   g - +6 ring of strength
Will    .....                   q - +4 ring of evasion
Stlth   +++.......              (no ring)
HPRegen 0.14/turn               (no ring)
MPRegen 0.12/turn               (no ring)
                                (no ring)
                                (no ring)

@: drained
A: almost no armour, amphibious, 8 rings, camouflage 1, gelatinous body 1,
(nimble swimmer 1), tentacles
a: Renounce Religion, Potion Petition, Call Merchant, Bribe Branch


You were on level 5 of the Dungeon.
You worshipped Gozag.
Gozag was aware of your devotion.
You visited 2 branches of the dungeon, and saw 7 of its levels.

You collected 362 gold pieces.
You paid 70 gold pieces to Gozag.

Inventory:

Jewellery
 g - a +6 ring of strength (right tentacle)
 n - a ring of protection from fire (left tentacle)
 q - a +4 ring of evasion (on tentacle)
Wands
 w - a wand of mindburst (11)
Scrolls
 b - 2 scrolls of fog
 e - a scroll of amnesia {unknown}
 f - 6 scrolls of identify {unknown}
 h - a scroll of blinking
 m - a scroll of silence {unknown}
 o - a scroll of teleportation {unknown}
 r - a scroll of enchant weapon {unknown}
 s - a scroll of magic mapping {unknown}
 v - a scroll of brand weapon {unknown}
Potions
 a - a potion of lignification
 c - a potion of attraction {unknown}
 d - 2 potions of curing
 i - 2 potions of degeneration {unknown}
 j - a potion of magic {unknown}
 k - a potion of cancellation {unknown}
 l - a potion of heal wounds {unknown}
 p - a potion of brilliance {unknown}
 t - 2 potions of haste {unknown}
 u - 2 potions of flight {unknown}
 x - a potion of berserk rage {unknown}


   Skills:
 + Level 3.4 Fighting
 - Level 2.0 Dodging
 - Level 4.0 Stealth
 + Level 4.6 Unarmed Combat
 - Level 2.0 Spellcasting
 * Level 4.4 Transmutations
 * Level 3.7 Ice Magic


You had 5 spell levels left.
You knew the following spells:

 Your Spells              Type           Power      Damage    Failure   Level
a - Beastly Appendage     Tmut           32%        N/A       3%          1
b - Ice Form              Ice/Tmut       15%        N/A       34%         4

Your spell library contained the following spells:

 Spells                   Type           Power      Damage    Failure   Level
 Wereblood                Tmut           16%        N/A       4%          2
 Ensorcelled Hibernation  Hex/Ice        16%        N/A       14%         2
 Spider Form              Tmut/Pois      9%         N/A       24%         3
 Anguish                  Hex/Necr       0%         N/A       88%         4
 Freezing Cloud           Conj/Ice/Air   2%         6-21      97%         5
 Simulacrum               Ice/Necr       4%         N/A       100%        6
 Polar Vortex             Ice            7%         N/A       100%        9


Dungeon Overview and Level Annotations

Branches:
Dungeon (6/15)             Temple (1/1) D:5

Altars:
Ashenzari
Cheibriados
Elyvilon
Gozag
Hepliaklqana
Kikubaaqudgha
Makhleb
Nemelex Xobeh
Okawaru
Qazlal
Ru
Sif Muna
Trog
Uskayaw
Vehumet
Wu Jian
Xom
Yredelemnul
The Shining One

Annotations:
D:4 exclusion: scorpion
D:5 exclusion: black bear, Eustachio
D:6 Sigmund


Innate Abilities, Weirdness & Mutations

You cannot wear most types of armour.
You are amphibious.
You can wear up to eight rings at the same time.
Your skin changes colour to match your surroundings (Stealth+).
Your rubbery body absorbs attacks. (AC +1, EV +1)
((You are camouflaged when in or above water. (Stealth+)))
You have tentacles for arms and can constrict up to eight enemies at once.


Message History

You now have 292 gold pieces (gained 7).
You see here a +0 short sword.
You start resting.
HP restored.
There is a stone staircase leading down here.
You climb downwards.
Level annotation: Sigmund The wight closely misses you.
The wight hits you with a +0 war axe!
You feel drained.
There is a stone staircase leading up here.
Unknown command.
The kobold brigand barely misses you. The wight misses you. x2
You climb upwards.
Level annotation: exclusion: black bear, Eustachio
There is a stone staircase leading down here.
You barely miss the kobold brigand. Your grab misses the kobold brigand.
The wight misses you. The kobold brigand barely misses you.
The wight hits you with a +0 war axe!
You feel drained.
Unknown command.
You tentacle-slap the kobold brigand. You grab the kobold brigand.
The kobold brigand is lightly wounded.
You constrict the kobold brigand.
The wight hits you with a +5 long sword!
* * * LOW HITPOINT WARNING * * *
The kobold brigand completely misses you.
The wight closely misses you.
Okay, then.
Okay, then.
As you read the scroll labelled YSSODE GAIFAM, it crumbles to dust.
The scroll dissolves into smoke.
It was a scroll of fog.
You constrict the kobold brigand. The wight barely misses you.
The kobold brigand closely misses you. The wight closely misses you.
Blink to where?
Press: ? - help, Dir - move target You lose your grip on the kobold brigand.
As you read the scroll labelled WEL XEDIWIVOJ, it crumbles to dust.
It was a scroll of blinking.
The wight hits you with a +5 long sword!
You die...
Your body crumbles into a pile of gold.

..###### ##.# #.#
#......# #.. ..# #.#
#.# #......###### ..#
#.###(# #..........#
..#
#..##.#####........<.#
..#
##(........[.........#
..#
#....####...##.######
..# #....# #...##.#
..# ##..§§####......#
h## #..§§§@.......###
.# #.##Kz#######.# .#
#.##z§##......# .#
#.######.###### .# #.#
#.# [# #.# #.#
.##########.# #.#
###.........# #.#
#.########## #.#


You could see a kobold brigand and 2 wights.

Vanquished Creatures
  A phantom (D:5)
  3 killer bees (D:5)
  A gnoll shaman (D:5)
  3 hounds
  2 jellies (D:5)
  3 iguanas
  An orc wizard (D:5)
  7 gnolls
  5 adders
  A shadow imp (D:5)
  A white imp (D:5)
  6 dart slugs
  7 orcs
  3 ball pythons
  4 bats
  3 endoplasms
  4 goblins
  6 hobgoblins
  4 jackals
  9 kobolds
  A quokka (D:2)
  5 frilled lizards
  4 rats
84 creatures vanquished.

Notes
Turn   | Place    | Note
-------+----------+-------------------------------------------
     0 | D:1      | Ajdolov the Octopode Transmuter began the quest for the
                  | Orb.
     0 | D:1      | Reached XP level 1. HP: 13/13 MP: 3/3
   156 | D:1      | Reached skill level 1 in Stealth
   295 | D:1      | Found a faded altar of an unknown god.
   628 | D:1      | Reached XP level 2. HP: 18/18 MP: 5/5
  1461 | D:2      | Reached XP level 3. HP: 23/23 MP: 6/6
  2198 | D:3      | Reached XP level 4. HP: 26/29 MP: 7/7
  2713 | D:3      | Learned a level 4 spell: Ice Form
  3077 | D:4      | Noticed a scorpion
  3108 | D:4      | Reached skill level 1 in Ice Magic
  3108 | D:4      | Reached XP level 5. HP: 22/34 MP: 8/8
  3676 | D:4      | Identified the +2 robe of Hairiness {Str+4 SInv}
  4135 | D:5      | Entered Level 5 of the Dungeon
  4141 | D:5      | Reached XP level 6. HP: 36/41 MP: 9/9
  4496 | D:5      | Found a staircase to the Ecumenical Temple.
  4500 | D:5      | Noticed a black bear
  4506 | Temple   | Entered the Ecumenical Temple
  4687 | Temple   | Became a worshipper of Gozag Ym Sagoz the Greedy
  5139 | D:5      | Reached XP level 7. HP: 16/46 MP: 10/10
  5576 | D:5      | Noticed Eustachio
  6055 | D:6      | Noticed Sigmund
  6488 | D:5      | Slain by a wight

Illustrated notes

Levels and vault maps discovered:
D:1:      minmay_arrival_nine_rooms, layout_basic, serial_co_window_serial,
          co_window_of_opportunity_a, co_window_paths_a, co_window_paths_a,
          co_window_of_opportunity_a, co_window_corner_a, co_window_corner_ca,
          co_window_corner_b, co_window_unsneaky_path_c, co_window_broadway_a,
          co_window_unsneaky_path_e, co_window_paths_d, co_window_paths_e,
          glass_columns_b, glass_columns_a, glass_columns_a, glass_columns_b,
          shapermc_ecumenical_altar_mp_urbaneastern
D:2:      layout_basic
D:3:      layout_loops_ring
D:4:      layout_gridville, minmay_misc_feat_pillars
D:5:      layout_basic, minmay_temple_entry_ruins, uniq_eustachio
D:6:      minmay_clustersquares, layout_basic, ebering_ghost_reflecting_pool,
          minmay_starry_boxes, uniq_grinder, uniq_sigmund
Temple:   mainiacjoe_temple_archimedes_tessellation

Skill      XL: |  1  2  3  4  5  6  7 |
---------------+----------------------+-----
Stealth        | 2 3 4 |  4.0
Fighting       | 2 3 |  3.4
Ice Magic      | 1 2 3 |  3.7
Transmutations | 3 4 |  4.4
Unarmed Combat | 4 |  4.6
Dodging        | |  2.0
Spellcasting   | |  2.0

Action                   |  1- 3 |  4- 6 |  7- 9 || total
-------------------------+-------+-------+-------++-------
Melee: Unarmed           |    78 |   100 |    49 ||   227
       Constrict         |    24 |    21 |    13 ||    58
       Tentacles         |    16 |    21 |    11 ||    48
       Punch             |     3 |     4 |       ||     7
Evoke: Wand              |       |     3 |       ||     3
  Use: Scroll            |       |       |     2 ||     2
       Potion            |       |       |     2 ||     2
 Stab: Sleeping          |    10 |     5 |     2 ||    17
       Distracted        |       |     1 |       ||     1
Armor: Skin              |     7 |     1 |    12 ||    20
Dodge: Dodged            |    37 |    64 |    61 ||   162

Table legend: (Time is in decaauts)
 A = Elapsed time spent in this place.
 B = Non-inter-level travel time spent in this place.
 C = Inter-level travel time spent in this place.
 D = Time resting spent in this place.
 E = Time spent auto-exploring this place.
 F = Levels seen in this place.
 G = Mean time per level.
                   A        B        C        D        E       F      G
               +--------+--------+--------+--------+--------+-----+--------+
         Total |   6474 |   6239 |    235 |   1434 |   3772 |   7 |  924.9 |
       Dungeon |   6284 |   6057 |    227 |   1434 |   3635 |   6 | 1047.3 |
        Temple |    190 |    182 |      8 |      0 |    137 |   1 |  190.0 |
               +--------+--------+--------+--------+--------+-----+--------+

Top non-repeatable levels by time:
     D:5: 1962 daAuts
     D:4: 1336 daAuts
     D:1: 1242 daAuts
     D:2: 877 daAuts
     D:3: 855 daAuts
  Temple: 190 daAuts
     D:6: 10 daAuts
